 Dungeon Crawl Stone Soup version 0.26-a0-662-g8b9c6dab81 (webtiles) character file.

Game seed: 251140420104219636

31 flotson the Sneak (level 3, -5/26 HPs)
             Began as an Octopode Delver on Oct 10, 2020.
             Slain by a phantom (7 damage)
             ... on level 4 of the Dungeon.
             The game lasted 00:00:59 (210 turns).

flotson the Sneak (Octopode Delver)                  Turns: 210, Time: 00:00:59

Health: -5/26      AC:  1    Str: 11    XL:     3   Next: 22%
Magic:  3/3        EV: 13    Int: 12    God:
Gold:   11         SH:  0    Dex: 14    Spells: 2/2 levels left

rFire    . . .     SeeInvis .     - Unarmed
rCold    . . .     Faith    .   (no shield)
rNeg     . . .     Spirit   .   (helmet restricted)
rPois    .         Reflect  .   (no amulet)
rElec    .         Harm     .   f - +4 ring of slaying
rCorr    .         Rampage  .   (no ring)
MR       .....                  (no ring)
Stlth    +++++.....             (no ring)
HPRegen  0.08/turn              (no ring)
MPRegen  0.08/turn              (no ring)
                                (no ring)
                                (no ring)

@: no status effects
A: almost no armour, stealthy swim, amphibious, 8 rings, constrict 8, camouflage
1, gelatinous body 1
a: no special abilities


You were on level 4 of the Dungeon.
You visited 1 branch of the dungeon, and saw 3 of its levels.

You collected 11 gold pieces.

Inventory:

Jewellery
 f - a +4 ring of slaying (left tentacle)
 i - a cursed amulet of inaccuracy {unknown}
Wands
 e - a wand of digging (3)
Scrolls
 a - a scroll of fog
 b - a scroll of magic mapping
 c - 2 scrolls of fear
 g - a scroll of teleportation {unknown}
 h - a scroll of enchant armour {unknown}
Potions
 d - a potion of haste


   Skills:
 + Level 3.2 Fighting
 + Level 2.1 Dodging
 + Level 7.5 Stealth
 + Level 2.1 Unarmed Combat


You had 2 spell levels left.
You didn't know any spells.
Your spell library was empty.

Dungeon Overview and Level Annotations

Branches:
Dungeon (6/15)             Temple (0/1) D:4

Altars:

Annotations:
D:6 1 runed translucent door


Innate Abilities, Weirdness & Mutations

You cannot wear most types of armour.
You are very stealthy in the water. (Stealth+)
You are amphibious.
You can wear up to eight rings at the same time.
You can use your tentacles to constrict eight enemies at once.
Your skin changes colour to match your surroundings (Stealth+).
Your rubbery body absorbs attacks. (AC +1, EV +1)


Message History

A hound comes into view.
Found an escape hatch in the ceiling.
Found a dented sapphire amulet.
There is a stone staircase leading down here.
A phantom comes into view.
Found a staircase to the Ecumenical Temple.
Found 12 gold pieces.
You see here a dented sapphire amulet.
i - a dented sapphire amulet You start putting on your amulet.
You continue putting on your dented sapphire amulet.
The phantom hits you.
Keep equipping yourself?
* * * LOW HITPOINT WARNING * * *
You continue putting on your dented sapphire amulet.
The phantom hits you.
* * * LOW HITPOINT WARNING * * *
You continue putting on your dented sapphire amulet.
The phantom hits you!
You die...

....≈.?.......#.#.
....≈.....>........
>...≈.........#....
....≈......#..##...
....≈......#..# .#h
...#≈#...#....# #
≈≈ #..##....#
..###..##....#
...$....W@...##
#..#.#......## .
#........#
###........
............
##............
.............
#.............


You could see a phantom.

Vanquished Creatures
  A quasit (D:4)
1 creature vanquished.

Notes
Turn   | Place    | Note
-------+----------+-------------------------------------------
     0 | D:5      | flotson the Octopode Delver began the quest for the Orb.
     0 | D:5      | Reached XP level 1. HP: 16/16 MP: 1/1
    70 | D:5      | Noticed an ice beast
   104 | D:6      | Found a runed translucent door.
   104 | D:6      | Noticed a bullfrog
   159 | D:5      | Noticed a quasit
   179 | D:4      | Killed a quasit
   179 | D:4      | Reached skill level 7 in Stealth
   179 | D:4      | Reached XP level 2. HP: 3/21 MP: 2/2
   179 | D:4      | Reached XP level 3. HP: 4/26 MP: 3/3
   200 | D:4      | Noticed a phantom
   201 | D:4      | Found a staircase to the Ecumenical Temple.
   210 | D:4      | Slain by a phantom

Illustrated notes

Levels and vault maps discovered:
D:4:      layout_cave_pools, minmay_temple_entry_water_ring, serial_shops,
          nicolae_shop_crystal, kennysheep_generic_room_14
D:5:      layout_basic, gup_sewer_entry_pipe,
          nicolae_gozag_cash_rules_everything_around_me
D:6:      layout_loops_ring, ebering_ghost_sewer_f, serial_undead,
          serial_undead_b, serial_undead_e, serial_undead_f, serial_undead_b,
          serial_undead_d, serial_undead_b, serial_undead_b,
          wad_floor_pattern_2, minivault_1, solitary_fountain

Skill      XL: |  1 |
---------------+----+-----
Stealth        | 7 |  7.5
Fighting       | |  3.2
Dodging        | |  2.1
Unarmed Combat | |  2.1

Action                   || total
-------------------------++-------
Melee: Unarmed           ||     7
       Constrict         ||     1
Armor: Skin              ||     3
Dodge: Dodged            ||    16

Table legend: (Time is in decaauts)
 A = Elapsed time spent in this place.
 B = Non-inter-level travel time spent in this place.
 C = Inter-level travel time spent in this place.
 D = Time resting spent in this place.
 E = Time spent auto-exploring this place.
 F = Levels seen in this place.
 G = Mean time per level.
                   A        B        C        D        E       F      G
               +--------+--------+--------+--------+--------+-----+--------+
         Total |    209 |    209 |      0 |      0 |    119 |   3 |   69.7 |
       Dungeon |    209 |    209 |      0 |      0 |    119 |   3 |   69.7 |
               +--------+--------+--------+--------+--------+-----+--------+

Top non-repeatable levels by time:
     D:5: 169 daAuts
     D:4: 37 daAuts
     D:6: 2 daAuts
